 Dungeon Crawl Stone Soup version 0.19.0-16-g73b5abf (webtiles) character file.

84 GordonOverkill the Chucker (level 4, -2/48 HPs)
             Began as an Ogre Hunter on Nov 10, 2016.
             Slain by an orc warrior
             ... wielding a +0 battleaxe
              (21 damage)
             ... on level 1 of the Dungeon.
             The game lasted 00:05:30 (2167 turns).

GordonOverkill the Chucker (Ogre Hunter)            Turns: 2167, Time: 00:05:31

Health: -2/48      AC:  3    Str: 18    XL:     4   Next: 45%
Magic:  4/4        EV: 10    Int: 10    God:
Gold:   22         SH:  0    Dex: 10    Spells: 0 memorised, 3 levels left

rFire  . . .     SeeInvis .     m - +0 whip
rCold  . . .     Gourm    .     b - +0 robe
rNeg   . . .     Faith    .     (no shield)
rPois  .         Spirit   .     (helmet restricted)
rElec  .         Reflect  .     (no cloak)
rCorr  .         Harm     .     (gloves unavailable)
MR     .....                    (boots unavailable)
Stlth  +.........               (no amulet)
                                (no ring)
                                (no ring)

@: no status effects
A: unfitting armour, tough skin 1
a: no special abilities


You were on level 1 of the Dungeon.
You were not hungry.

You visited 1 branch of the dungeon, and saw 3 of its levels.

You collected 22 gold pieces.

Inventory:

Hand Weapons
 m - a +0 whip (weapon)
Missiles
 d - 2 throwing nets (quivered)
Armour
 b - a +0 robe (worn)
Scrolls
 e - a scroll of blinking {unknown}
 h - a scroll of identify {unknown}
 j - 2 scrolls of amnesia {unknown}
 k - a scroll of noise {unknown}
Potions
 a - a potion of heal wounds {unknown}
 i - a potion of flight {unknown}
 n - 2 potions of agility {unknown}
 p - 3 potions of curing {unknown}
 q - a potion of cancellation {unknown}
Comestibles
 f - a bread ration
 g - 2 slices of pizza
 l - 6 chunks of flesh
 o - a beef jerky


   Skills:
 + Level 4.2 Fighting
 * Level 2.2 Maces & Flails
 + Level 4.8 Throwing
 - Level 1.7 Dodging
 - Level 0.6 Stealth


You had 3 spell levels left.
You didn't know any spells.

Dungeon Overview and Level Annotations

Branches:
Dungeon (3/15)

Altars:
Gozag
Hepliaklqana
Uskayaw
Yredelemnul

Annotations:
D:2 Sigmund, Terence


Innate Abilities, Weirdness & Mutations

You are too large for most types of armour.
You have tough skin. (AC +1)


Message History

You throw a large rock. The large rock hits the orc warrior.
The orc warrior is moderately wounded.
The orc warrior barely misses you.
The orc warrior hits you with a battleaxe.
Throwing (i - inventory. (,) - cycle):
c - 2 large rocks (quivered)
Press: ? - help, Shift-Dir - straight line, f/p - orc warrior
Aim: an orc warrior, wielding a battleaxe and wearing a chain mail (moderately wounded)
You throw a large rock.
The large rock closely misses the orc warrior.
The orc warrior hits you with a battleaxe!!
There is a stone staircase leading down here.
You see here a large rock.
You see here 2 large rocks.
Throwing (i - inventory. (,) - cycle):
c - a large rock (quivered)
Press: ? - help, Shift-Dir - straight line, f/p - orc warrior
Aim: an orc warrior, wielding a battleaxe and wearing a chain mail (moderately wounded)
You throw a large rock. The large rock hits the orc warrior!
The orc warrior is almost dead.
The orc warrior hits you with a battleaxe!!
You die...

#...# #.##.##.######..... #...#
#####.......# ####.# #...#
#...#......## ##### #.#
#...####.#.#....#.# #...# #.#
#...##...#...##.#.####...###.#
#......#####.##...##......##)#
#######.....#...###.............#
...####.#.#.#.#.###>#...........#
.......>#.....#.@o(....(.......##
##.##.#####..##########.#....###
##.##...#....# #......#
##..)...#.##.# ###...##
#####.#...##.# #####
#####.######.### ......### #...#
###.....# ###.# #.....# #.#


You could see an orc warrior.

Vanquished Creatures
  3 adders
  An ooze (D:1)
  A worm (D:2)
  2 dart slugs
  2 leopard geckos
  An orc (D:2)
  2 ball pythons
  7 bats
  3 giant cockroaches
  3 goblins
  2 hobgoblins (D:2)
  4 jackals (D:1)
  A frilled lizard (D:2)
  7 kobolds
  3 rats
42 creatures vanquished.

Notes
Turn   | Place    | Note
-------+----------+-------------------------------------------
     0 | D:1      | GordonOverkill the Ogre Hunter began the quest for the Orb.
     0 | D:1      | Reached XP level 1. HP: 22/22 MP: 1/1
   148 | D:1      | Reached XP level 2. HP: 27/31 MP: 2/2
   645 | D:1      | Reached XP level 3. HP: 35/39 MP: 3/3
  1066 | D:2      | Noticed Sigmund
  1151 | D:2      | Found a basalt altar of Yredelemnul.
  1191 | D:2      | Found a hide-covered altar of Uskayaw.
  1395 | D:2      | Reached skill level 1 in Maces & Flails
  1463 | D:2      | Found an opulent altar of Gozag.
  1498 | D:2      | Found a hazy altar of Hepliaklqana.
  1499 | D:2      | Noticed Terence
  1692 | D:2      | Reached XP level 4. HP: 48/48 MP: 4/4
  2092 | D:3      | Noticed an orc warrior
  2167 | D:1      | Slain by an orc warrior

Skill      XL: |  1  2  3  4 |
---------------+-------------+-----
Fighting       | 3 4 |  4.2
Maces & Flails | 1 2 |  2.2
Throwing       | |  4.8
Dodging        | |  1.7
Stealth        | |  0.6

Action                   |  1- 3 |  4- 6 || total
-------------------------+-------+-------++-------
Melee: Short sword       |    77 |       ||    77
       Whip              |    67 |    36 ||   103
Throw: Large rock        |    13 |     9 ||    22
  Eat: Chunk             |     3 |     1 ||     4
Armor: Robe              |    54 |    12 ||    66
Dodge: Dodged            |   103 |    34 ||   137
